 Dungeon Crawl Stone Soup version 0.28-a0-834-g1a73be5ee4 (webtiles) character file.

Game seed: 11415780101283422845

62 Zdeegee the Skirmisher (level 3, -5/29 HPs)
             Began as a Mummy Cinder Acolyte on Nov 11, 2021.
             Was a High Priest of Ignis.
             Slain by Sigmund (13 damage)
             ... on level 3 of the Dungeon.
             The game lasted 00:06:11 (2476 turns).

Zdeegee the Skirmisher (Mummy Cinder Acolyte)       Turns: 2476, Time: 00:06:12

Health: -5/29      AC:  2    Str: 17    XL:     3   Next: 85%
Magic:  6/6        EV: 11    Int: 14    God:    Ignis [*****.]
Gold:   60         SH:  0    Dex:  7    Spells: 4/6 levels left

rFire   . . .      SeeInvis .   a - -1 mace (flame)
rCold   + . .      Faith    .   (no shield)
rNeg    + + +      Spirit   .   b - +0 robe
rPois   ∞          Reflect  .   (no helmet)
rElec   .          Harm     .   (no cloak)
rCorr   .          Rampage  .   (no gloves)
Will    .....                   (no boots)
Stlth   +.........              (no amulet)
HPRegen 0.09/turn               (no ring)
MPRegen 0.10/turn               (no ring)

@: very slow
A: cold resistance 1, negative energy resistance 3, torment resistance 2, heat
vulnerability 1, no potions
a: Renounce Religion, Sea of Fire, Foxfire Swarm, Rising Flame


You were on level 3 of the Dungeon.
You worshipped Ignis.
Ignis was extremely pleased with you.
You visited 1 branch of the dungeon, and saw 3 of its levels.

You collected 60 gold pieces.

Inventory:

Hand Weapons
 a - a -1 mace of flaming (weapon)
Armour
 b - a +0 robe (worn)
Scrolls
 c - a scroll of blinking


   Skills:
 * Level 3.4 Fighting
 + Level 3.0 Maces & Flails
 * Level 2.1 Spellcasting
 * Level 0.1 Necromancy
 * Level 3.0 Fire Magic


You had 4 spell levels left.
You knew the following spells:

 Your Spells              Type           Power      Damage    Failure   Level
a - Scorch                Fire           18%        2d5       11%         2

Your spell library contained the following spells:

 Spells                   Type           Power      Damage    Failure   Level


Dungeon Overview and Level Annotations

Branches:
Dungeon (3/15)

Altars:

Annotations:
D:3 Sigmund


Innate Abilities, Weirdness & Mutations

You are immune to poison.
Your flesh is cold resistant. (rC+)
You are immune to negative energy. (rN+++)
You are immune to unholy pain and torment.
You are vulnerable to heat. (rF-)
You do not drink.


Message History

Fires begin to smoulder around you!
Sigmund gestures wildly while chanting.
Sigmund flickers and vanishes!
Deactivating autopickup; reactivate with Ctrl-A.
Unknown command.
You hear some strange, mumbled words.
A puff of flame appears from out of thin air!
The puff of flame hits you!
The fire ignites! x81; You smother the flame.
The fire ignites! x100
Something hits you but does no damage. Something hits you! Something hits you.
* * * LOW HITPOINT WARNING * * *
You can't drink.
Blink to where?
Press: ? - help, Dir - move target, f - you Are you sure you want to cancel this blink? [Y]es or [N]o only, please.
Are you sure you want to cancel this blink?
Blink to where?
Press: ? - help, Dir - move target
As you read the scroll labelled IDEEWK DUM KUI, it crumbles to dust.
It was a scroll of blinking.
The kobold shouts! x2; You hear a shout! x3
The hobgoblin shouts!
You hear a shout! x2
You enter the shallow water.
Moving in this stuff is going to be slow.
A worm comes into view.
As you read the scroll labelled TIREOZOUZI, it crumbles to dust.
It is a scroll of amnesia.
Really abort (and waste the scroll)?
Okay, then.
Blink to where?
Press: ? - help, Dir - move target, f - you
Okay, then.
As you read the scroll labelled MOYD LUMEADIO, it crumbles to dust.
It is a scroll of identify.
You don't have any unidentified items.
Something hits you!
You die...

#................
#......<.§.......
#...)..........##
#.<...##.......##
###..............##
#≈##...............
#≈##...............
#≈≈#...............
#≈@{...............
#≈≈≈#####....
#.K#≈≈≈≈# .
#..##≈≈≈# ## #≈≈≈#
##≈w. #≈.## #...
....


You could see a worm.

Vanquished Creatures
  3 adders (D:2)
  A dart slug (D:1)
  3 endoplasms
  A giant cockroach (D:1)
  A goblin (D:2)
  3 hobgoblins (D:1)
  4 jackals (D:2)
  2 ball pythons
  4 bats
  4 frilled lizards
  4 kobolds
  5 rats
35 creatures vanquished.

Notes
Turn   | Place    | Note
-------+----------+-------------------------------------------
     0 | D:1      | Zdeegee the Mummy Cinder Acolyte began the quest for the
                  | Orb.
     0 | D:1      | Reached XP level 1. HP: 18/18 MP: 2/2
   133 | D:1      | Upgraded the game from 0.28-a0-828-g0121872642 to
                  | 0.28-a0-834-g1a73be5ee4
   613 | D:1      | Found a faded altar of an unknown god.
   669 | D:1      | Reached XP level 2. HP: 24/24 MP: 4/4
   685 | D:1      | Learned a level 2 spell: Scorch
  1086 | D:2      | Reached XP level 3. HP: 21/29 MP: 0/5
  2455 | D:3      | Noticed Sigmund
  2476 | D:3      | Slain by Sigmund

Illustrated notes

Levels and vault maps discovered:
D:1:      lightli_arrival_flooded_house, layout_rooms,
          hellmonk_ecumenical_altar_pennies_from_heaven,
          chequers_serial_rivers_micro_a, chequers_garden, serial_bayou_pond_e,
          st_stairs_11
D:2:      layout_loops_corners
D:3:      cheibrodos_thug_alley, layout_basic, gup_sewer_entry_pipe,
          minmay_misc_feat_nine_boxes, minivault_5, hex_intersection,
          uniq_sigmund, uniq_grinder

Skill      XL: |  1  2  3 |
---------------+----------+-----
Maces & Flails | 3 |  3.0
Spellcasting   | 2 |  2.1
Fire Magic     | 3 |  3.0
Fighting       | |  3.4
Necromancy     | |  0.1

Action                   || total
-------------------------++-------
Melee: Mace              ||    63
 Cast: Scorch            ||    23
Invok: Sea of Fire       ||     1
  Use: Scroll            ||     3
Armor: Robe              ||    17
Dodge: Dodged            ||    38

Table legend: (Time is in decaauts)
 A = Elapsed time spent in this place.
 B = Non-inter-level travel time spent in this place.
 C = Inter-level travel time spent in this place.
 D = Time resting spent in this place.
 E = Time spent auto-exploring this place.
 F = Levels seen in this place.
 G = Mean time per level.
                   A        B        C        D        E       F      G
               +--------+--------+--------+--------+--------+-----+--------+
         Total |   2497 |   2459 |     38 |     46 |   2135 |   3 |  832.3 |
       Dungeon |   2497 |   2459 |     38 |     46 |   2135 |   3 |  832.3 |
               +--------+--------+--------+--------+--------+-----+--------+

Top non-repeatable levels by time:
     D:2: 1312 daAuts
     D:1: 1051 daAuts
     D:3: 134 daAuts
